 Dungeon Crawl Stone Soup version 0.30.0-10-gfe55d96785 (webtiles) character file.

Game seed: 14230025441191046297

691 freelancePsychic the Caller (level 7, -1/55 HPs)
             Began as a Demonspawn Monk on May 13, 2023.
             Was a Believer of Sif Muna.
             Slain by a wyvern (2 damage)
             ... on level 5 of the Dungeon.
             The game lasted 00:09:34 (4950 turns).

freelancePsychic the Caller (Demonspawn Monk)       Turns: 4950, Time: 00:09:34

Health: -1/55      AC:  3    Str: 12    XL:     7   Next: 36%
Magic:  6/11       EV: 12    Int: 15    God:    Sif Muna [**....]
Gold:   351        SH:  0    Dex: 15    Spells: 5/12 levels left

rFire   . . .        a - +0 spear
rCold   . . .        d - orb {light}
rNeg    . . .        b - +0 robe
rPois   +            (helmet restricted)
rElec   .            (no cloak)
rCorr   .            (no gloves)
SInv    .            r - +0 pair of boots
Will    .....        (no amulet)
Stlth   +            g - ring of poison resistance
HPRegen 0.29/turn    (no ring)
MPRegen 0.24/turn

%: no passive effects
@: flying, very slightly contaminated, glowing
A: antennae 1, magic regeneration, big brain 1, demonic magic 1
a: Renounce Religion, Channel Magic


You were on level 5 of the Dungeon.
You worshipped Sif Muna.
Sif Muna was pleased with you.
You visited 2 branches of the dungeon, and saw 6 of its levels.
You also visited: Sewer.

You collected 351 gold pieces.

Inventory:

Hand Weapons
 a - a +0 spear (weapon)
Armour
 b - a +0 robe (worn)
 d - an orb of light (worn)
 r - a +0 pair of boots (worn)
Jewellery
 g - a ring of poison resistance (left hand)
 y - a ring of protection from cold
Wands
 w - a wand of roots (5)
 x - a wand of polymorph (7)
Scrolls
 e - 3 scrolls of identify {@r1}
 j - 3 scrolls of amnesia
 m - 4 scrolls of fog
 p - a scroll of enchant armour
 t - 2 scrolls of enchant weapon
 v - a scroll of poison {unknown}
Potions
 h - 2 potions of flight
 i - 2 potions of lignification {unknown}
 k - a potion of invisibility {unknown}
 l - a potion of brilliance {unknown}
 n - a potion of might {unknown}
 o - a potion of curing {unknown}
 s - a potion of mutation {unknown}


   Skills:
 + Level 4.9 Fighting
 - Level 3.1 Polearms
 - Level 2.6 Dodging
 + Level 3.1 Spellcasting
 + Level 1.5 Hexes
 * Level 5.0 Summonings
 - Level 0.5 Ice Magic
 + Level 0.8 Invocations


You had 5 spell levels left.
You knew the following spells:

 Your Spells              Type           Power      Damage    Failure   Level
a - Summon Small Mammal   Summ           68%        N/A       2%          1
b - Call Canine Familiar  Summ           17%        N/A       8%          3
c - Summon Guardian Gole  Hex/Summ       12%        N/A       16%         3

Your spell library contained the following spells:

 Spells                   Type           Power      Damage    Failure   Level
 Slow                     Hex            24%        N/A       11%         1
 Apportation              Tloc           4%         N/A       21%         1
 Necrotise                Necr           8%         1d4       21%         1
 Confusing Touch          Hex            6%         N/A       32%         3
 Vampiric Draining        Necr           2%         2d6       52%         3
 Vhi's Electric Charge    Tloc/Air       4%         N/A       52%         3
 Summon Ice Beast         Ice/Summ       10%        N/A       54%         4
 Summon Mana Viper        Hex/Summ       12%        N/A       82%         5
 Arcjolt                  Conj/Air       1%         1d11      99%         5
 Monstrous Menagerie      Summ           8%         N/A       100%        7
 Maxwell's Capacitive Co  Air            1%         ∞         100%        8


Dungeon Overview and Level Annotations

Branches:
Dungeon (5/15)             Temple (1/1) D:5           Sewer (visited)

Altars:
Ashenzari
Dithmenos
Fedhas
Kikubaaqudgha
Ru
Sif Muna
Vehumet
Wu Jian

Shops:
D:3 ?

Annotations:
D:5 4 runed translucent doors


Innate Abilities, Weirdness & Mutations

You have a pair of small antennae on your head.
You regenerate magic rapidly.
You have an unusually large brain. (Int +2)
Spells you cast may paralyse adjacent enemies.


Message History

Your hound dies!
Your hound's corpse disappears in a puff of smoke!
The scorpion closely misses you.
You feel sick. The wyvern closely misses your rat.
The scorpion closely misses you.
Your rat bites the scorpion but does no damage.
You feel sick. The wyvern bites your rat!!
Your rat dies!
Your rat's corpse disappears in a puff of smoke!
The scorpion stings you but does no damage.
You feel sick.
You are no longer poisoned.
The scorpion barely misses you. The wyvern bites you.
You're too confused to cast spells.
You feel less invigorated.
You feel less confused. The wyvern barely misses you.
The scorpion stings you but does no damage.
The wyvern bites you!
Okay, then.
Casting: Summon Small Mammal (safe; 2% risk of failure)
Confirm with . or Enter, or press ? or * to list all spells.
You miscast Summon Guardian Golem.
You are very lightly contaminated with residual magic.
Nothing appears to happen.
The scorpion barely misses you. The wyvern bites you! The scorpion stings you.
* * * LOW HITPOINT WARNING * * *
Casting: Summon Guardian Golem (dangerous; 16% risk of failure)
Confirm with . or Enter, or press ? or * to list all spells.
A guardian golem appears, shielding your allies.
Malevolent energies surge around you. The wyvern misses you.
The scorpion barely misses you. The wyvern bites you!
* * * LOW HITPOINT WARNING * * *
Okay, then.
It was a potion of flight.
You feel very buoyant.
You fly up into the air.
The wyvern hisses menacingly.
The wyvern bites you.
You die...

#......## #8....8#........
'.......# #:....$#........
#.......# #!....|#........
#......## #8....8#........
#....#.# ###8KW8##..#+###+
'....#.# +.##++##...#
#....#.# #...9......#
#....#.# {#..........#
#....#.## ##l@........#+##
##......######Os##'#####....#
.#.............l.......#....#
.#.....l...............+....#
.#...........#.........#....#
##...........#########'#....#
#....######'####...##.h.....#
#....+.....†...#l...#.......#
#....#.........9S...#.......+


You could see a wyvern, a kobold brigand, an ogre, a shadow, a scorpion (ally
target), an iguana and a friendly guardian golem (summoned).

Vanquished Creatures
  Pargi (Sewer)
  A scorpion (D:4)
  An orc priest (D:4)
  A hound (D:5)
  4 adders
  A worm (D:2)
  4 dart slugs
  6 orcs
  8 ball pythons
  10 endoplasms
  3 giant cockroaches
  5 hobgoblins
  4 quokkas
  15 bats
  3 goblins
  2 kobolds
  A rat (D:1)
70 creatures vanquished.

Vanquished Creatures (collateral kills)
  A black bear (D:4)
  A phantom (D:5)
  A hound (D:4)
  A river rat (D:3)
  An adder (D:2)
  A dart slug (D:4)
  8 orcs
  2 ball pythons
  A hobgoblin (D:3)
  A frilled lizard (D:1)
  A rat (D:2)
19 creatures vanquished.

Vanquished Creatures (others)
  Menkaure (D:5)
1 creature vanquished.

Grand Total: 90 creatures vanquished

Notes
Turn   | Place    | Note
-------+----------+-------------------------------------------
     0 | D:1      | freelancePsychic the Demonspawn Monk began the quest for
                  | the Orb.
     0 | D:1      | Reached XP level 1. HP: 18/18 MP: 1/1
   136 | D:1      | Gained mutation: You regenerate magic rapidly. [demonic
                  | ancestry]
   136 | D:1      | Reached XP level 2. HP: 24/24 MP: 2/2
   337 | D:1      | Learned a level 1 spell: Summon Small Mammal
   430 | D:1      | Reached skill level 1 in Summonings
   430 | D:1      | Reached XP level 3. HP: 25/29 MP: 1/3
  1161 | D:2      | Reached skill level 1 in Spellcasting
  1161 | D:2      | Gained mutation: You have a pair of small antennae on your
                  | head. [demonic ancestry]
  1161 | D:2      | Reached XP level 4. HP: 17/35 MP: 3/5
  1165 | D:2      | Learned a level 3 spell: Call Canine Familiar
  1590 | D:3      | Reached skill level 2 in Summonings
  1730 | D:3      | Found Zaecsih's Magic Scroll Boutique.
  1960 | D:3      | Found a glowing drain.
  2022 | Sewer    | Entered a sewer
  2096 | Sewer    | Noticed Pargi
  2117 | Sewer    | Killed Pargi
  2118 | Sewer    | Reached skill level 3 in Summonings
  2118 | Sewer    | Gained mutation: You have an unusually large brain. (Int
                  | +2) [demonic ancestry]
  2118 | Sewer    | Reached XP level 5. HP: 42/42 MP: 2/7
  2972 | D:3      | Found an ancient bone altar of Kikubaaqudgha.
  3204 | D:4      | Noticed a black bear
  3221 | D:4      | Killed a black bear
  3222 | D:4      | Reached XP level 6. HP: 37/48 MP: 0/9
  3269 | D:4      | Found a shadowy altar of Dithmenos.
  3293 | D:4      | Reached skill level 4 in Summonings
  3320 | D:4      | Learned a level 3 spell: Summon Guardian Golem
  4059 | D:5      | Entered Level 5 of the Dungeon
  4132 | D:5      | Found a sacrificial altar of Ru.
  4245 | D:5      | Found a staircase to the Ecumenical Temple.
  4245 | D:5      | Noticed Menkaure
  4260 | D:5      | Killed Menkaure
  4261 | D:5      | Reached skill level 1 in Hexes
  4261 | D:5      | Gained mutation: Spells you cast may paralyse adjacent
                  | enemies. [demonic ancestry]
  4261 | D:5      | Reached XP level 7. HP: 55/55 MP: 7/11
  4284 | Temple   | Entered the Ecumenical Temple
  4401 | Temple   | Became a worshipper of Sif Muna the Loreminder
  4401 | Temple   | Reached * piety under Sif Muna
  4401 | Temple   | Reached ** piety under Sif Muna
  4537 | D:5      | Noticed a wyvern
  4848 | D:5      | Found a large runed translucent door.
  4848 | D:5      | Found a large runed translucent door.
  4849 | D:5      | Noticed a shadow
  4862 | D:5      | Found a large runed translucent door.
  4862 | D:5      | Found a large runed translucent door.
  4862 | D:5      | Noticed a komodo dragon
  4890 | D:5      | Reached skill level 5 in Summonings
  4949 | D:5      | HP: 1/55 [wyvern (16)]
  4950 | D:5      | Slain by a wyvern

Illustrated notes

Levels and vault maps discovered:
D:1:      scummos_arrival_hexagon, layout_rooms, corexii_leaking_fountain
D:2:      layout_basic
D:3:      layout_basic, lemuel_round_altar, cheibrodos_sewer_entry_sluice,
          serial_shops, nicolae_shop_pleasant_corner_grove,
          hangedman_abyss_or_decor_lesser_grid, chequers_serial_rivers_micro_a
D:4:      layout_basic, nicolae_dithmenos_shadow_blocks
D:5:      layout_gridville, nicolae_ru_the_path_less_chosen,
          overflow_temple_1_default, minmay_temple_entry_offerings,
          minmay_hollow_rounded_squares, uniq_menkaure
Temple:   nicolae_temple_two_arcs

Skill      XL: |  1  2  3  4  5  6  7 |
---------------+----------------------+-----
Polearms       | 3 |  3.1
Summonings     | 1 3 4 5 |  5.0
Spellcasting   | 1 2 3 |  3.1
Fighting       | 4 |  4.9
Hexes          | 1 |  1.5
Dodging        | |  2.6
Ice Magic      | |  0.5
Invocations    | |  0.8

Action                     |  1- 3 |  4- 6 |  7- 9 || total
---------------------------+-------+-------+-------++-------
  Melee: Spear             |   144 |   179 |    22 ||   345
   Cast: Summon Small Mamm |    10 |    19 |     5 ||    34
         Call Canine Famil |       |    10 |     5 ||    15
         Summon Guardian G |       |     1 |     7 ||     8
    Use: Potion            |     2 |     1 |     3 ||     6
         Scroll            |       |     5 |     3 ||     8
   Stab: Paralysed         |       |       |     7 ||     7
 Armour: Robe              |    16 |    46 |     6 ||    68
  Dodge: Dodged            |    65 |   127 |    38 ||   230
